 Dungeon Crawl Stone Soup version 0.31-a0-152-g6aa68a64a1 (webtiles) character file.

Game seed: 14903694626936389212

107 qw the Shooter (level 4, -4/42 HPs)
             Began as a Naga Hunter on June 11, 2023.
             Slain by a scorpion (7 damage)
             ... on level 2 of the Dungeon.
             The game lasted 00:00:41 (1442 turns).

qw the Shooter (Naga Hunter)                        Turns: 1442, Time: 00:00:41

Health: -4/42      AC:  2    Str: 19    XL:     4   Next: 85%
Magic:  4/4        EV:  9    Int:  9    God:
Gold:   91         SH:  0    Dex: 17    Spells: 3/3 levels left

rFire   . . .        Y - +0 shortbow
rCold   . . .        (shield currently unavailable)
rNeg    . . .        c - +0 leather armour
rPois   +            (no helmet)
rElec   .            (no cloak)
rCorr   .            (no gloves)
SInv    +            (no barding)
Will    .....        h - amulet of faith
Stlth   ++           i - +6 ring of strength
HPRegen 0.27/turn    (no ring)
MPRegen 0.09/turn

%: faith
@: lethally poisoned (-4 -> -12), very slow
A: AC +1, large, see invisible, deformed body, poison resistance, slowness 2,
spit poison 1, naga tail 1
a: Spit Poison


You were on level 2 of the Dungeon.
You visited 1 branch of the dungeon, and saw 3 of its levels.

You collected 107 gold pieces.
You spent 16 gold pieces at shops.


Innate Abilities, Weirdness & Mutations

Your serpentine skin is tough. (AC +1)
You have supernaturally acute eyesight. (SInv)
Armour fits poorly on your strangely shaped body.
Your system is resistant to poisons. (rPois)
You cover ground very slowly.
You can spit poison.
You have a snake-like lower body.


   Skills:
 - Level 3.0 Fighting
 + Level 5.0 Ranged Weapons
 - Level 1.5 Dodging
 - Level 1.5 Stealth


You had 3 spell levels left.
You didn't know any spells.
Your spell library was empty.

Inventory:

Hand Weapons
 Y - a +0 shortbow (weapon)
Armour
 c - a +0 leather armour (worn)
Jewellery
 h - an amulet of faith (around neck)
 i - a +6 ring of strength (left hand)
Scrolls
 a - 3 scrolls of identify
 d - a scroll of enchant armour {unknown}
 f - a scroll of amnesia {unknown}
Potions
 b - a potion of brilliance {unknown}
 e - 2 potions of haste {unknown}
 g - a potion of heal wounds {unknown}

Dungeon Overview and Level Annotations

Branches:
Dungeon (3/15)

Altars:

Shops:
D:1 =*(=


Message History

Enter note:
Enter note:
Enter note:
Enter note:
Enter note: You shoot an arrow.
The arrow hits the scorpion.
The scorpion is lightly wounded.
The scorpion barely misses you. x2
You shoot an arrow. The arrow closely misses the scorpion.
You have got your breath back.
The scorpion stings you.
1437 ||| INVOKING Spit Poison.
Aiming: Spit Poison (1% risk of failure)
Press: ? - help, Shift-Dir - straight line, f/p - scorpion The splash of poison misses the scorpion.
The scorpion stings you.
You shoot an arrow. The arrow hits the scorpion.
The scorpion is moderately wounded.
The scorpion stings you. x2
You are poisoned.
The scorpion poisons you!
You shoot an arrow. The arrow hits the scorpion.
The scorpion is heavily wounded.
You feel very sick. The scorpion stings you.
You are more poisoned.
The scorpion poisons you!
You shoot an arrow. The arrow hits the scorpion.
The scorpion is severely wounded.
You feel very sick. The scorpion stings you. x2
You shoot an arrow. The arrow hits the scorpion.
The scorpion is severely wounded.
You feel very sick. The scorpion closely misses you.
You shoot an arrow. The arrow closely misses the scorpion.
You have got your breath back.
You feel very sick. The scorpion stings you!
You die...

#######
#########.######.#.#
#....####.#.
####...>##.# ##########
####..##.
##¤¤~~~¤~~######...##
##¤~......~~##.......#
##~~...(^...¤¤##....#..
##~~....¤.....~
##...##.
##~~...¤@s).....
##..###
#~~....¤¤¤~~~... #..+..
#¤....~¤¤~~~~~.. #..###
#~¤...~~¤¤¤~~~.. #..#
#¤....~~~¤¤~¤¤¤. ##.#
#~....¤~~~~~¤~¤. #.#
#¤....~¤~~¤~¤¤¤.. #.#
#~..¤.~¤~~¤¤~~... #.#
#~~...¤¤~¤~~¤.... #.#


You could see a scorpion.

Vanquished Creatures
  5 adders (D:2)
  A dart slug (D:2)
  4 bats
  3 endoplasms
  3 giant cockroaches
  5 goblins
  5 hobgoblins
  7 jackals (D:1)
  6 kobolds
  4 quokkas
  6 ball pythons
  4 frilled lizards
  A rat (D:1)
54 creatures vanquished.

Notes
Turn   | Place    | Note
-------+----------+-------------------------------------------
     0 | D:1      | qw the Naga Hunter began the quest for the Orb.
     0 | D:1      | Reached XP level 1. HP: 19/19 MP: 1/1
     0 | D:1      | 0 ||| qw: Version: 0.2-a-29-g7dc7884
     0 | D:1      | 0 ||| qw: Game counter: 4037
     0 | D:1      | 0 ||| qw: Always use a shield: true
     0 | D:1      | 0 ||| qw: God list: Okawaru
     0 | D:1      | 0 ||| qw: Allow faded altars: false
     0 | D:1      | 0 ||| qw: Do Orc after D:15 true
     0 | D:1      | 0 ||| qw: Do second Lair branch before Depths: true
     0 | D:1      | 0 ||| qw: Lair rune preference: random
     0 | D:1      | 0 ||| qw: Plans: Normal
     0 | D:1      | 0 ||| PLANNING D:1-11
    72 | D:1      | Found Neapeq's Assorted Antiques.
    79 | D:1      | 79 ||| INVOKING Spit Poison.
    82 | D:1      | 82 ||| SHOPLISTING 2 ruby potions (32 gold, have 19).
    82 | D:1      | 82 ||| BUYING lumpy grey potion (16 gold).
    82 | D:1      | Bought a lumpy grey potion for 16 gold pieces
    82 | D:1      | 82 ||| SHOPLISTING scroll labelled FOXOX JEFI (18 gold,
                  | have 3).
    84 | D:1      | Found Hessuf's Weapon Boutique.
    84 | D:1      | Noticed a +0 lajatang
    85 | D:1      | Noticed a +0 lajatang
    94 | D:1      | 94 ||| INVOKING Spit Poison.
   100 | D:1      | 100 ||| INVOKING Spit Poison.
   106 | D:1      | 106 ||| INVOKING Spit Poison.
   108 | D:1      | Reached skill level 4 in Ranged Weapons
   108 | D:1      | Reached XP level 2. HP: 12/26 MP: 2/2
   220 | D:1      | 220 ||| INVOKING Spit Poison.
   224 | D:1      | 224 ||| INVOKING Spit Poison.
   230 | D:1      | 230 ||| INVOKING Spit Poison.
   234 | D:1      | 234 ||| INVOKING Spit Poison.
   235 | D:1      | HP: 6/26 [jackal (2)]
   239 | D:1      | 239 ||| INVOKING Spit Poison.
   394 | D:1      | 394 ||| INVOKING Spit Poison.
   414 | D:1      | 414 ||| INVOKING Spit Poison.
   416 | D:1      | Reached XP level 3. HP: 32/32 MP: 3/3
   446 | D:1      | 446 ||| INVOKING Spit Poison.
   457 | D:1      | 457 ||| INVOKING Spit Poison.
   463 | D:1      | 463 ||| INVOKING Spit Poison.
   475 | D:1      | Found Futeymeg's Jewellery Shop.
   483 | D:1      | 483 ||| SHOPLISTING +4 ring of protection (396 gold, have
                  | 80).
   483 | D:1      | 483 ||| SHOPLISTING +6 ring of dexterity (396 gold, have
                  | 80).
   483 | D:1      | 483 ||| SHOPLISTING +6 ring of strength (396 gold, have
                  | 80).
   483 | D:1      | 483 ||| SHOPLISTING ring "Oxezikadgh" {rN+ Int+3} (366
                  | gold, have 80).
   483 | D:1      | 483 ||| SHOPLISTING ring of ice (275 gold, have 80).
   483 | D:1      | 483 ||| SHOPLISTING ring of protection from fire (275 gold,
                  | have 80).
   559 | D:1      | Found Amadghaak's Jewellery Boutique.
   566 | D:1      | 566 ||| INVOKING Spit Poison.
   571 | D:1      | 571 ||| SHOPLISTING +6 ring of strength (396 gold, have
                  | 80).
   571 | D:1      | 571 ||| SHOPLISTING amulet of reflection (330 gold, have
                  | 80).
   571 | D:1      | 571 ||| SHOPLISTING ring of ice (275 gold, have 80).
   571 | D:1      | 571 ||| UPGRADING to amulet of faith.
   576 | D:1      | 576 ||| DROPPING ring of flight.
   577 | D:1      | 577 ||| UPGRADING to +6 ring of strength.
   578 | D:1      | 578 ||| READING 2 scrolls labelled FOXOX JEFI.
   579 | D:1      | 579 ||| READING 3 scrolls labelled ROTEIZ KUTZAOR.
   580 | D:1      | 580 ||| READING scroll labelled WITISU IGARARO.
   581 | D:1      | 581 ||| DROPPING scroll of butterflies.
   582 | D:1      | 582 ||| DROPPING 2 scrolls of fog.
   614 | D:2      | 614 ||| STAIRDANCE
   703 | D:2      | 703 ||| INVOKING Spit Poison.
   744 | D:2      | 744 ||| INVOKING Spit Poison.
   786 | D:2      | Found a faded altar of an unknown god.
   816 | D:2      | You fall into a shaft and drop 1 floor!
   839 | D:3      | 839 ||| DROPPING ring of magical power.
   943 | D:2      | 943 ||| INVOKING Spit Poison.
   949 | D:2      | 949 ||| INVOKING Spit Poison.
   952 | D:2      | Reached skill level 5 in Ranged Weapons
   952 | D:2      | Reached XP level 4. HP: 29/39 MP: 4/4
  1042 | D:2      | 1042 ||| INVOKING Spit Poison.
  1046 | D:2      | 1046 ||| INVOKING Spit Poison.
  1073 | D:2      | 1073 ||| INVOKING Spit Poison.
  1077 | D:2      | 1077 ||| INVOKING Spit Poison.
  1090 | D:2      | 1090 ||| INVOKING Spit Poison.
  1106 | D:2      | 1106 ||| INVOKING Spit Poison.
  1137 | D:2      | 1137 ||| Stepping ~*~*~tactically~*~*~ (outnumbered).
  1138 | D:2      | 1138 ||| INVOKING Spit Poison.
  1145 | D:2      | 1145 ||| INVOKING Spit Poison.
  1227 | D:2      | 1227 ||| INVOKING Spit Poison.
  1233 | D:2      | 1233 ||| INVOKING Spit Poison.
  1247 | D:2      | 1247 ||| INVOKING Spit Poison.
  1252 | D:2      | 1252 ||| INVOKING Spit Poison.
  1326 | D:2      | 1326 ||| INVOKING Spit Poison.
  1366 | D:2      | 1366 ||| INVOKING Spit Poison.
  1373 | D:2      | 1373 ||| INVOKING Spit Poison.
  1374 | D:2      | Reached skill level 3 in Fighting
  1424 | D:2      | Noticed a scorpion
  1433 | D:2      | 1433 ||| INVOKING Spit Poison.
  1437 | D:2      | 1437 ||| INVOKING Spit Poison.
  1440 | D:2      | HP: 10/42 [scorpion (6)]
  1442 | D:2      | HP: 3/42 [poisoned by a scorpion]
  1442 | D:2      | Slain by a scorpion

Levels and vault maps discovered:
D:1:      dpeg_arrival_three_bigger_balls, layout_rooms, serial_shops, shop,
          nicolae_shop_mannequins, shop_fountains, shop_fountains
D:2:      minmay_inner_zag, layout_basic,
          hellmonk_ecumenical_altar_leap_of_faith, grunt_decor_fettered,
          kennysheep_big_empty_room, minmay_misc_feat_room
D:3:      layout_loops_ring

Skill      XL: |  1  2  3  4 |
---------------+-------------+-----
Ranged Weapons | 4 5 |  5.0
Fighting       | 3 |  3.0
Dodging        | |  1.5
Stealth        | |  1.5

Action                     |  1- 3 |  4- 6 || total
---------------------------+-------+-------++-------
   Fire: Shortbow          |    75 |    48 ||   123
Ability: Spit Poison       |    19 |    17 ||    36
    Use: Scroll            |     3 |       ||     3
 Armour: Leather armour    |    16 |     6 ||    22
  Dodge: Dodged            |    32 |    22 ||    54

Table legend:
 A = Non-vault XP
 B = Vault XP
 C = Vault XP percentage of total XP
 D = Non-vault monster count
 E = Vault monster count
 F = Vault count percentage of total count
                 A         B        C        D         E       F
            +---------+---------+-------+---------+---------+-------
      Total |     131 |      22 |  14.4 |      47 |       7 |  13.0
            +---------+---------+-------+---------+---------+-------
        D:1 |      53 |       0 |   0.0 |      31 |       0 |   0.0
        D:2 |      78 |      22 |  22.0 |      16 |       7 |  30.4
            +---------+---------+-------+---------+---------+-------
